 Dungeon Crawl Stone Soup version 0.29-a0-617-g7a6b98fccd (webtiles) character file.

Game seed: 13368717513653794016

3738 enile the Cleaver (level 10, -10/74 HPs)
             Began as a Gnoll Wanderer on June 17, 2022.
             Was a Follower of Yredelemnul.
             Killed by an exploding water moccasin (23 damage)
             ... ignited by their inner flame
             ... on level 7 of the Dungeon.
             The game lasted 00:09:41 (7790 turns).

enile the Cleaver (Gnoll Wanderer)                  Turns: 7790, Time: 00:09:42

Health: -10/74     AC: 10    Str: 22    XL:     10   Next: 15%
Magic:  18/18      EV: 27    Int: 11    God:    Yredelemnul [*.....]
Gold:   318        SH:  0    Dex:  8    Spells: 14/20 levels left

rFire   + . .      SeeInvis +   B - +1 broad axe of the Ring {flame, Fly Str+4 Dex-5 SInv}
rCold   . . .      Faith    .   (no shield)
rNeg    . . .      Spirit   .   E - +3 leather armour {rPois}
rPois   +          Reflect  .   (no helmet)
rElec   .          Harm     .   (no cloak)
rCorr   .          Rampage  .   (no gloves)
Will    .....                   (no boots)
Stlth   ++........              h - amulet "Iqybrepp" {Acrobat rF+ Str+3}
HPRegen 0.22/turn               n - +4 ring of slaying
MPRegen 0.16/turn               j - +4 ring of protection

@: acrobatic, flying
A: fangs 1, strong nose, distributed training
a: Renounce Religion, Recall Undead Harvest


You were on level 7 of the Dungeon.
You worshipped Yredelemnul.
Yredelemnul was noncommittal.
You visited 1 branch of the dungeon, and saw 7 of its levels.

You collected 318 gold pieces.

Inventory:

Hand Weapons
 a - a +2 hand axe
 c - a +0 dagger
 i - a +1 dagger of venom
 w - a +1 hand axe of electrocution
 B - the +1 broad axe of the Ring (weapon) {flame, Fly Str+4 Dex-5 SInv}
   (You acquired it on level 4 of the Dungeon)

   It burns those it strikes, dealing additional fire damage.
   Big, fiery blades are also staple armaments of hydra-hunters.
   Str:       It affects your strength (+4).
   Dex:       It affects your dexterity (-5).
   SInv:      It lets you see invisible.
   Fly:       It grants you flight.
 D - a +4 vorpal dire flail
Missiles
 b - 9 boomerangs
 s - 2 curare-tipped darts
Armour
 e - a +0 leather armour
 q - a +2 plate armour
 E - a +3 leather armour of poison resistance (worn)
Jewellery
 h - the amulet "Iqybrepp" (around neck) {Acrobat rF+ Str+3}
   (You acquired it on level 2 of the Dungeon)

   [amulet of the acrobat]

   It increases your evasion while moving and waiting.
   Str:       It affects your strength (+3).
   rF:        It protects you from fire.
 j - a +4 ring of protection (right hand)
 n - a +4 ring of slaying (left hand)
 v - a +6 ring of dexterity
 A - an amulet of magic regeneration
 I - a ring of willpower
Wands
 y - a wand of charming (23)
 G - a wand of flame (3) (quivered)
Scrolls
 f - 2 scrolls of teleportation
 m - 2 scrolls of amnesia
 p - a scroll of poison
 t - a scroll of fog
 u - a scroll of summoning
 J - a scroll of brand weapon {unknown}
 K - a scroll of blinking {unknown}
 L - a scroll of fear {unknown}
Potions
 d - a potion of attraction {unknown}
 g - a potion of magic {unknown}
 k - 2 potions of ambrosia {unknown}
 l - 4 potions of curing {unknown}
 o - a potion of mutation {unknown}
 r - 2 potions of heal wounds {unknown}
 z - 2 potions of flight {unknown}
 C - a potion of degeneration {unknown}
 F - a potion of might {unknown}
 H - a potion of invisibility {unknown}


   Skills:
 + Level 5.0 Fighting
 + Level 5.0 Short Blades
 + Level 5.0 Long Blades
 + Level 9.9 Axes
 + Level 5.0 Maces & Flails
 + Level 5.0 Polearms
 + Level 5.0 Staves
 + Level 5.0 Slings
 + Level 5.0 Bows
 + Level 5.0 Crossbows
 + Level 6.8 Throwing
 + Level 5.0 Armour
 + Level 5.0 Dodging
 + Level 5.0 Stealth
 + Level 5.0 Shields
 + Level 5.0 Unarmed Combat
 + Level 5.8 Spellcasting
 + Level 4.1 Conjurations
 + Level 4.1 Hexes
 + Level 4.1 Summonings
 + Level 4.1 Necromancy
 + Level 4.1 Translocations
 + Level 4.1 Transmutations
 + Level 4.1 Fire Magic
 + Level 4.1 Ice Magic
 + Level 4.1 Air Magic
 + Level 4.1 Earth Magic
 + Level 6.9 Poison Magic
 + Level 5.5 Invocations
 + Level 5.0 Evocations


You had 14 spell levels left.
You knew the following spells:

 Your Spells              Type           Power      Damage    Failure   Level
a - Sting                 Tmut/Pois      60%        1d6       2%          1
b - Passwall              Tmut/Erth      10%        N/A       6%          2
c - Mephitic Cloud        Conj/Pois/Air  14%        N/A       9%          3

Your spell library contained the following spells:

 Spells                   Type           Power      Damage    Failure   Level
 Beastly Appendage        Tmut           24%        N/A       4%          1
 Magic Dart               Conj           48%        1d5       4%          1
 Sandblast                Erth           24%        2d8       4%          1
 Shock                    Conj/Air       48%        1d6       4%          1
 Call Imp                 Summ           12%        N/A       6%          2
 Static Discharge         Conj/Air       12%        N/A       6%          2
 Wereblood                Tmut           12%        N/A       6%          2
 Spider Form              Tmut/Pois      15%        N/A       7%          3
 Ignite Poison            Fire/Tmut/Pois 14%        N/A       9%          3
 Stone Arrow              Conj/Erth      24%        3d8       12%         3
 Swiftness                Air            12%        N/A       12%         3
 Airstrike                Air            6%         N/A       38%         4
 Dispel Undead            Necr           12%        3d9       38%         4
 Sticky Flame             Conj/Fire      12%        2d4       38%         4


Dungeon Overview and Level Annotations

Branches:
Dungeon (7/15)             Temple (0/1) D:6

Altars:
Dithmenos
Sif Muna
Yredelemnul


Innate Abilities, Weirdness & Mutations

You have very sharp teeth.
Your uncanny sense of smell can sniff out nearby items.
Your experience applies equally to all skills.


Message History

Your Ice Magic skill increases to level 4!
Your Air Magic skill increases to level 4!
Your Earth Magic skill increases to level 4!
You have reached level 10!
You swap places.
Your hound zombie is engulfed in blazing flames.
Flame seeps out of your hound zombie.
You feel a bit more experienced.
You hear an explosion!
Your Fighting skill increases to level 5!
Your Short Blades skill increases to level 5!
Your Long Blades skill increases to level 5!
Your Maces & Flails skill increases to level 5!
Your Polearms skill increases to level 5!
Your Staves skill increases to level 5!
Your Slings skill increases to level 5!
Your Bows skill increases to level 5!
Your Crossbows skill increases to level 5!
Your Armour skill increases to level 5!
Your Dodging skill increases to level 5!
Your Stealth skill increases to level 5!
Your Shields skill increases to level 5!
Your Unarmed Combat skill increases to level 5!
Your Evocations skill increases to level 5!
You swap places.
Your hound zombie is engulfed in blazing flames.
Flame seeps out of your hound zombie.
Your hound zombie is engulfed in blazing flames.
Your hound zombie explodes!
The fiery explosion engulfs your water moccasin!!
Flame seeps out of your water moccasin.
Your water moccasin is almost dead.
The fiery explosion engulfs your water moccasin zombie!!!
Your water moccasin zombie explodes!
The fiery explosion engulfs you. You resist.
* * * LOW HITPOINT WARNING * * *
The fiery explosion engulfs your water moccasin!!!
Your water moccasin's corpse dissolves into shadows!
Your water moccasin explodes!
The fiery explosion engulfs you!! You resist.
You die...
Your body rises from the dead as a mindless zombie.

.....#∆ ∆#.#
.##..# #.#
###..# #.# #
#..# ' #.# #
..# #. ∆#.#
# ..# '.
##.# # ...
∆##. #..# #
.#. #8.9
###.## #
.##...##§@.#
#
....§°§§§###
####§##### ∆


There were no monsters in sight!

Vanquished Creatures
  3 gargoyles (D:7)
  Edmund (D:4)
  A water moccasin (D:7)
  3 ice beasts
  A sky beast (D:6)
  An orc warrior (D:6)
  A black bear (D:3)
  An ogre (D:6)
  2 centaurs
  Blork the orc (D:6)
  A bullfrog (D:6)
  5 scorpions
  A necrophage (D:5)
  A water moccasin zombie (D:7)
  2 wights (D:6)
  2 howler monkeys
  4 jellies
  A gnoll shaman (D:7)
  6 hounds
  4 orc priests
  Ijyb (D:4)
  3 iguanas
  7 orc wizards
  A hound zombie (D:7)
  3 gnolls
  6 adders
  A shadow imp (D:6)
  4 white imps
  2 ufetubi
  2 worms (D:3)
  3 dart slugs
  21 orcs
  8 ball pythons
  9 bats
  7 endoplasms
  9 goblins
  8 hobgoblins
  4 jackals (D:2)
  3 quokkas
  2 frilled lizards (D:2)
  3 kobolds
  6 rats
155 creatures vanquished.

Vanquished Creatures (collateral kills)
  A wight (D:6)
  A jelly (D:3)
  2 hounds
  2 orc wizards
  A gnoll (D:7)
  2 adders (D:6)
  A shadow imp (D:6)
  2 orcs
12 creatures vanquished.

Vanquished Creatures (others)
  A scorpion zombie (D:5)
  2 gnoll zombies (D:7)
  An iguana zombie (D:6)
  A jelly zombie (D:3)
  2 ball python zombies
  3 orc zombies (D:5)
  2 quokka zombies
  2 spectral ufetubi
  12 plants (D:5)
26 creatures vanquished.

Grand Total: 193 creatures vanquished

Notes
Turn   | Place    | Note
-------+----------+-------------------------------------------
     0 | D:1      | enile the Gnoll Wanderer began the quest for the Orb.
     0 | D:1      | enile set off with the following items: a +2 hand axe, 7
                  | boomerangs, a +0 dagger, a potion of lignification, a +0
                  | leather armour; and the following spell memorised: Sting;
                  | and the following spells available to memorise: Ignite
                  | Poison.
     0 | D:1      | Reached XP level 1. HP: 13/13 MP: 4/4
   131 | D:1      | Reached XP level 2. HP: 19/19 MP: 2/5
  1362 | D:1      | Reached XP level 3. HP: 25/25 MP: 4/7
  2031 | D:2      | Found a shadowy altar of Dithmenos.
  2092 | D:2      | Reached skill level 1 in Invocations
  2372 | D:2      | Reached skill level 1 in Fighting
  2372 | D:2      | Reached skill level 1 in Short Blades
  2372 | D:2      | Reached skill level 1 in Long Blades
  2372 | D:2      | Reached skill level 1 in Maces & Flails
  2372 | D:2      | Reached skill level 1 in Polearms
  2372 | D:2      | Reached skill level 1 in Staves
  2372 | D:2      | Reached skill level 1 in Slings
  2372 | D:2      | Reached skill level 1 in Bows
  2372 | D:2      | Reached skill level 1 in Crossbows
  2372 | D:2      | Reached skill level 1 in Armour
  2372 | D:2      | Reached skill level 1 in Dodging
  2372 | D:2      | Reached skill level 1 in Stealth
  2372 | D:2      | Reached skill level 1 in Shields
  2372 | D:2      | Reached skill level 1 in Unarmed Combat
  2372 | D:2      | Reached skill level 1 in Evocations
  2548 | D:2      | Identified a scroll of acquirement
  2551 | D:2      | Acquired the amulet "Iqybrepp" {Acrobat rF+ Str+3}
  2612 | D:3      | Reached XP level 4. HP: 29/32 MP: 8/8
  2733 | D:3      | Reached skill level 1 in Conjurations
  2733 | D:3      | Reached skill level 1 in Hexes
  2733 | D:3      | Reached skill level 1 in Summonings
  2733 | D:3      | Reached skill level 1 in Necromancy
  2733 | D:3      | Reached skill level 1 in Translocations
  2733 | D:3      | Reached skill level 1 in Transmutations
  2733 | D:3      | Reached skill level 1 in Fire Magic
  2733 | D:3      | Reached skill level 1 in Ice Magic
  2733 | D:3      | Reached skill level 1 in Air Magic
  2733 | D:3      | Reached skill level 1 in Earth Magic
  3296 | D:3      | Reached XP level 5. HP: 32/37 MP: 9/9
  3388 | D:3      | Found a faded altar of an unknown god.
  3403 | D:3      | Prayed at the altar of an unknown god.
  3403 | D:3      | Became a worshipper of Yredelemnul the Dark
  3403 | D:3      | Reached * piety under Yredelemnul
  3671 | D:3      | Noticed a black bear
  3681 | D:3      | Killed a black bear
  3682 | D:3      | Reached skill level 5 in Throwing
  3682 | D:3      | Reached XP level 6. HP: 39/44 MP: 9/11
  4113 | D:4      | Noticed Ijyb
  4120 | D:4      | Killed Ijyb
  4191 | D:4      | Identified the +2 leather armour "Jaetramu" {Str+2}
  4228 | D:4      | Reached XP level 7. HP: 36/50 MP: 12/12
  4489 | D:4      | Found a basalt altar of Yredelemnul.
  4868 | D:4      | Noticed Edmund
  4881 | D:4      | Killed Edmund
  4881 | D:4      | Reached ** piety under Yredelemnul
  4896 | D:4      | Acquired the +1 broad axe of the Ring {flame, Fly Str+4
                  | Dex-5 SInv}
  4903 | D:4      | Learned a level 2 spell: Passwall
  5192 | D:5      | Entered Level 5 of the Dungeon
  5212 | D:5      | Reached skill level 9 in Axes
  5328 | D:5      | Found a shimmering blue altar of Sif Muna.
  5330 | D:5      | Reached XP level 8. HP: 42/57 MP: 14/14
  5847 | D:5      | Found a basalt altar of Yredelemnul.
  6486 | D:6      | Found a staircase to the Ecumenical Temple.
  6536 | D:6      | Noticed Blork the orc
  6544 | D:6      | Killed Blork the orc
  6658 | D:6      | Reached XP level 9. HP: 65/65 MP: 16/16
  6683 | D:6      | Reached skill level 5 in Spellcasting
  6858 | D:6      | Reached *** piety under Yredelemnul
  6903 | D:6      | Learned a level 3 spell: Mephitic Cloud
  7406 | D:6      | Reached **** piety under Yredelemnul
  7748 | D:7      | Reached skill level 5 in Invocations
  7782 | D:7      | Noticed a gargoyle
  7783 | D:7      | Noticed a gargoyle
  7787 | D:7      | Noticed a gargoyle
  7788 | D:7      | Killed a gargoyle
  7788 | D:7      | Killed a gargoyle
  7789 | D:7      | Reached XP level 10. HP: 16/73 MP: 18/18
  7789 | D:7      | Killed a gargoyle
  7790 | D:7      | Reached skill level 5 in Fighting
  7790 | D:7      | Reached skill level 5 in Short Blades
  7790 | D:7      | Reached skill level 5 in Long Blades
  7790 | D:7      | Reached skill level 5 in Maces & Flails
  7790 | D:7      | Reached skill level 5 in Polearms
  7790 | D:7      | Reached skill level 5 in Staves
  7790 | D:7      | Reached skill level 5 in Slings
  7790 | D:7      | Reached skill level 5 in Bows
  7790 | D:7      | Reached skill level 5 in Crossbows
  7790 | D:7      | Reached skill level 5 in Armour
  7790 | D:7      | Reached skill level 5 in Dodging
  7790 | D:7      | Reached skill level 5 in Stealth
  7790 | D:7      | Reached skill level 5 in Shields
  7790 | D:7      | Reached skill level 5 in Unarmed Combat
  7790 | D:7      | Reached skill level 5 in Evocations
  7790 | D:7      | Killed by an exploding water moccasin... ignited by their
                  | inner flame

Illustrated notes

Levels and vault maps discovered:
D:1:      saegor_arrival_miasma, layout_loops_ring
D:2:      layout_loops_ring, basic_altar
D:3:      layout_basic, nicolae_ecumenical_snake_handling,
          hangedman_decor_growths
D:4:      layout_basic, mainiacjoe_overflow_surrounded_room,
          minmay_a_box_with_orc_wizards_in_it, uniq_ijyb, uniq_edmund
D:5:      layout_loops_ring, corexii_hall_statues_x, hangedman_feature_mirror,
          hex_tiny, minmay_misc_feat_alley, grunt_ministairs_8,
          serial_bayou_lake_a
D:6:      minmay_octagon_keep, layout_basic, minmay_temple_entry_water_ring,
          uniq_blork_the_orc
D:7:      cheibrodos_statue_roulette, layout_basic

Skill      XL: |  1  2  3  4  5  6  7  8  9 10 |
---------------+-------------------------------+-----
Invocations    | 1 2 3 4 5 |  5.5
Fighting       | 1 2 3 4 5 |  5.0
Short Blades   | 1 2 3 4 5 |  5.0
Long Blades    | 1 2 3 4 5 |  5.0
Maces & Flails | 1 2 3 4 5 |  5.0
Polearms       | 1 2 3 4 5 |  5.0
Staves         | 1 2 3 4 5 |  5.0
Slings         | 1 2 3 4 5 |  5.0
Bows           | 1 2 3 4 5 |  5.0
Crossbows      | 1 2 3 4 5 |  5.0
Armour         | 1 2 3 4 5 |  5.0
Dodging        | 1 2 3 4 5 |  5.0
Stealth        | 1 2 3 4 5 |  5.0
Shields        | 1 2 3 4 5 |  5.0
Unarmed Combat | 1 2 3 4 5 |  5.0
Evocations     | 1 2 3 4 5 |  5.0
Spellcasting   | 3 4 5 |  5.8
Conjurations   | 1 2 3 4 |  4.1
Hexes          | 1 2 3 4 |  4.1
Summonings     | 1 2 3 4 |  4.1
Necromancy     | 1 2 3 4 |  4.1
Translocations | 1 2 3 4 |  4.1
Transmutations | 1 2 3 4 |  4.1
Fire Magic     | 1 2 3 4 |  4.1
Ice Magic      | 1 2 3 4 |  4.1
Air Magic      | 1 2 3 4 |  4.1
Earth Magic    | 1 2 3 4 |  4.1
Throwing       | 5 6 |  6.8
Axes           | 9 |  9.9
Poison Magic   | 6 |  6.9

Action                   |  1- 3 |  4- 6 |  7- 9 | 10-12 || total
-------------------------+-------+-------+-------+-------++-------
Melee: Hand axe          |     2 |    54 |    32 |       ||    88
       Dagger            |   117 |    22 |       |       ||   139
       Bite              |    11 |     8 |     3 |       ||    22
       Punch             |     2 |       |     2 |       ||     4
       Broad axe         |       |       |   134 |       ||   134
Throw: Boomerang         |       |     7 |     9 |       ||    16
       Dart              |       |       |     1 |       ||     1
 Cast: Sting             |    17 |       |       |       ||    17
Evoke: Wand              |       |       |     2 |       ||     2
  Use: Scroll            |     5 |     1 |     6 |       ||    12
       Potion            |       |       |     1 |       ||     1
 Stab: Sleeping          |     1 |       |     5 |       ||     6
       Distracted        |       |       |     1 |       ||     1
Armor: Leather armour    |    20 |       |    34 |       ||    54
       Plate armour      |    34 |    80 |    13 |       ||   127
       Skin              |       |       |    23 |       ||    23
Dodge: Dodged            |    55 |    25 |   110 |       ||   190

Table legend: (Time is in decaauts)
 A = Elapsed time spent in this place.
 B = Non-inter-level travel time spent in this place.
 C = Inter-level travel time spent in this place.
 D = Time resting spent in this place.
 E = Time spent auto-exploring this place.
 F = Levels seen in this place.
 G = Mean time per level.
                   A        B        C        D        E       F      G
               +--------+--------+--------+--------+--------+-----+--------+
         Total |   7789 |   7477 |    312 |    103 |   6391 |   7 | 1112.7 |
       Dungeon |   7789 |   7477 |    312 |    103 |   6391 |   7 | 1112.7 |
               +--------+--------+--------+--------+--------+-----+--------+

Top non-repeatable levels by time:
     D:1: 1492 daAuts
     D:2: 1359 daAuts
     D:5: 1287 daAuts
     D:3: 1181 daAuts
     D:4: 1141 daAuts
     D:6: 1032 daAuts
     D:7: 294 daAuts
